 Dungeon Crawl Stone Soup version 0.17.0-24-gcfadda4 (webtiles) character file.

23617 dorian the Brawler (level 12, -9/119 HPs)
             Began as a Troll Monk on Nov 17, 2015.
             Mangled by an ice dragon (14 damage)
             ... in an ice cave.
             The game lasted 00:57:05 (14237 turns).

dorian the Brawler (Troll Monk)                    Turns: 14237, Time: 00:57:05

Health: -9/119     AC: 15    Str: 22    XL:     12   Next: 73%
Magic:  11/11      EV: 11    Int:  6    God:
Gold:   1392       SH: 13    Dex: 16    Spells: 0 memorised, 11 levels left

rFire  . . .     SeeInvis .       - Unarmed
rCold  + . .     Clarity  .     e - +2 robe {rC+}
rNeg   + + .     SustAt   +     K - +1 shield {AC+3}
rPois  .         Gourm    +     L - +2 hat
rElec  .         Spirit   .     y - +2 cloak
rCorr  .         Warding  +     (gloves unavailable)
rMut   .         Stasis   .     (boots unavailable)
MR     .....                    m - amulet of warding
Stlth  ++........               O - ring of positive energy
                                s - ring of sustain attributes

@: not resistant to hostile enchantments, unstealthy
A: unfitting armour, claws 3, fast metabolism 3, gourmand, regeneration 2,
shaggy fur 1, tough skin 2
a: no special abilities


You were in an ice cave.
You were very full.

You visited 3 branches of the dungeon, and saw 16 of its levels.
You also visited: Ice Cave.

You collected 1648 gold pieces.
You spent 256 gold pieces at shops.

Inventory:

Hand Weapons
 k - a +2 dire flail
 n - a +1 battleaxe of freezing
 u - a +2 whip of freezing
 C - a +1 flail of crushing
 F - a +5 flail of freezing
 X - a +0 giant spiked club
Armour
 e - a +2 robe of cold resistance (worn)
 l - a -1 robe
 y - a +2 cloak (worn)
 A - a troll hide
 K - a +1 shield of protection (worn)
 L - a +2 hat (worn)
 W - a +0 robe of magic resistance
Jewellery
 m - an amulet of warding (around neck)
 s - a ring of sustain attributes (left claw)
 H - an uncursed amulet of stasis
 O - a ring of positive energy (right claw)
Wands
 p - a wand of digging (7)
 q - a wand of frost (48)
 w - a wand of polymorph (3)
 G - a wand of fire (0)
 N - a wand of flame (0)
 V - a wand of fireball (0)
 Y - a wand of slowing (38)
Scrolls
 d - a scroll of identify
 i - a scroll of recharging
 o - 2 scrolls of blinking
 t - a scroll of magic mapping
 D - a scroll of enchant armour
 E - 2 scrolls of teleportation
 J - 3 scrolls of amnesia
 R - 2 scrolls of immolation
 T - a scroll of remove curse
Potions
 a - a potion of berserk rage {unknown}
 g - a potion of magic
 j - a potion of cure mutation
 v - a potion of degeneration
 B - a potion of cancellation
 M - a potion of flight
 P - a potion of brilliance {unknown}
Miscellaneous
 x - a fan of gales (inert)
Comestibles
 b - 7 bread rations
 c - 6 beef jerkies
 h - 17 fruits
 r - 5 slices of pizza
 z - 5 meat rations
 U - 9 royal jellies


   Skills:
 + Level 8.0 Fighting
 - Level 2.4 Dodging
 - Level 1.1 Stealth
 * Level 9.5 Shields
 + Level 15.8 Unarmed Combat


You had 11 spell levels left.
You didn't know any spells.

Dungeon Overview and Level Annotations

Branches:
Dungeon (11/15)            Temple (1/1) D:7            Lair (0/8) D:10
    Orc (4/4) D:10            Elf (0/3) Orc:3

Altars:
Ashenzari
Cheibriados
Dithmenos
Elyvilon
Fedhas
Gozag
Kikubaaqudgha
Makhleb
Nemelex Xobeh
Okawaru
Qazlal
Ru
Sif Muna
Trog
Vehumet
Xom
Yredelemnul
Zin
The Shining One

Shops:
D:5 [   Orc:1 %   Orc:3 *

Portals:
Labyrinth: D:11

Annotations:
D:11 Psyche
Orc:2 Nergalle IceCv exclusion: ice statue


Innate Abilities, Weirdness & Mutations

You are too large for most types of armour.
You have claws for hands.
Your metabolism is lightning-fast.
You like to eat raw meat.
You heal very quickly.
You are covered in fur (AC +1).
You have very tough skin (AC +2).


Message History

You block the ice dragon's attack. The ice dragon misses you.
The ice dragon tramples you!
* * * LOW HITPOINT WARNING * * *
You stumble backwards!
You eviscerate the ice dragon!!!
You kill the ice dragon!
The ice dragon breathes frost at you. The blast of cold hits you! You resist.
* * * LOW HITPOINT WARNING * * *
Drink which item? (? for menu, Esc to quit)
Okay, then.
Evoke which item? (* to show all) (? for menu, Esc to quit)
Okay, then.
Drink which item? (? for menu, Esc to quit)
You feel better. The ice dragon bites you.
* * * LOW HITPOINT WARNING * * *
The ice dragon claws you.
* * * LOW HITPOINT WARNING * * *
The ice dragon tramples you!
You die...

..# #..#
#..#
#..##
##..##
##..###
##...#
###.###
#..#.##
##.##.@#
#..#..D#
##...#.##
#####..#
#...#
##..#
##.# #..#
.D..#


You could see an ice dragon.

Vanquished Creatures
  A hydra (D:10)
  Fannar (Orc:2)
  An ice dragon (IceCv)
  An orc high priest (Orc:4)
  Urug (Orc:4)
  An unseen horror (D:10)
  2 hill giants
  Pikel (D:5)
  2 orc sorcerers (Orc:4)
  3 orc knights
  A gargoyle (D:10)
  An ice statue (IceCv)
  3 trolls
  A two-headed ogre (D:8)
  Prince Ribbit (D:5)
  A basilisk (D:10)
  8 yaks (D:10)
  A soldier ant (D:9)
  Menkaure (D:5)
  A hungry ghost (D:8)
  3 deep elf magi
  5 porcupines (D:10)
  A water moccasin (D:8)
  6 ogres
  24 orc warriors
  A spider (D:9)
  2 black bears (D:8)
  27 ice beasts
  A necrophage (D:8)
  3 slaves (D:5)
  A phantom (D:6)
  2 wasps (D:9)
  A sky beast (D:10)
  5 centaurs
  4 crocodiles
  6 giant frogs
  2 big kobolds
  A gnoll sergeant (D:7)
  3 scorpions
  A water moccasin zombie (D:8)
  A wyvern skeleton (D:11)
  21 killer bees
  13 wights
  7 hounds
  Crazy Yiuf (D:5)
  17 orc priests
  6 crimson imps
  A jelly (D:5)
  2 centaur skeletons
  Terence (D:3)
  20 orc wizards
  7 iguanas
  10 worker ants
  11 sheep (D:10)
  A hound zombie (D:9)
  A hound skeleton (D:5)
  11 gnolls
  9 adders
  A river rat (D:10)
  4 shadow imps
  An ooze (D:3)
  2 adder skeletons
  An adder zombie (D:6)
  5 worms
  7 giant geckos
  142 orcs
  3 bats (D:3)
  6 giant cockroaches
  6 goblins
  7 hobgoblins
  13 jackals
  10 kobolds
  A ball python (D:1)
  A giant cockroach zombie (D:5)
  5 giant newts
  A jackal skeleton (D:8)
  12 rats
500 creatures vanquished.

Vanquished Creatures (others)
  An orc wizard (Orc:4)
  2 bushes (D:10)
  4 fungi (D:5)
  6 plants (D:10)
13 creatures vanquished.

Grand Total: 513 creatures vanquished

Notes
Turn   | Place    | Note
--------------------------------------------------------------
     0 | D:1      | dorian the Troll Monk began the quest for the Orb.
     0 | D:1      | Reached XP level 1. HP: 22/22 MP: 0/0
   170 | D:1      | Reached XP level 2. HP: 21/29 MP: 1/1
   326 | D:1      | Reached XP level 3. HP: 36/36 MP: 2/2
   716 | D:2      | Reached skill level 5 in Unarmed Combat
  1226 | D:2      | Found a glowing golden altar of the Shining One.
  1412 | D:3      | Reached XP level 4. HP: 44/44 MP: 3/3
  1634 | D:3      | Reached XP level 5. HP: 50/53 MP: 4/4
  1712 | D:3      | Reached skill level 6 in Unarmed Combat
  1757 | D:3      | Noticed Terence
  1764 | D:3      | Killed Terence
  2068 | D:4      | Found a radiant altar of Vehumet.
  2123 | D:4      | Reached XP level 6. HP: 56/62 MP: 5/5
  2227 | D:4      | Reached skill level 7 in Unarmed Combat
  2850 | D:5      | Entered Level 5 of the Dungeon
  2895 | D:5      | Reached XP level 7. HP: 55/70 MP: 6/6
  2925 | D:5      | Found Huoll's Antique Armour Emporium.
  2935 | D:5      | Noticed Menkaure
  2941 | D:5      | Killed Menkaure
  3031 | D:5      | Noticed Prince Ribbit
  3044 | D:5      | Killed Prince Ribbit
  3044 | D:5      | Reached skill level 8 in Unarmed Combat
  3098 | D:5      | Found a sacrificial altar of Ru.
  3445 | D:5      | Reached skill level 5 in Fighting
  3445 | D:5      | Reached XP level 8. HP: 78/80 MP: 7/7
  3602 | D:5      | Reached skill level 9 in Unarmed Combat
  3862 | D:5      | Noticed Crazy Yiuf
  3869 | D:5      | Noticed Pikel
  3870 | D:5      | Killed Crazy Yiuf
  3912 | D:5      | Killed Pikel
  3912 | D:5      | Reached skill level 10 in Unarmed Combat
  4277 | D:6      | Reached XP level 9. HP: 72/89 MP: 8/8
  4483 | D:5      | Bought a polished cloak for 256 gold pieces
  4493 | D:5      | Identified the cursed -3 cloak of the Swan {MR+} (You bought it in a shop on level 5 of the Dungeon)
  4552 | D:6      | Found a deep blue altar of Sif Muna.
  5059 | D:7      | Reached skill level 11 in Unarmed Combat
  5136 | D:7      | Found a staircase to the Ecumenical Temple.
  5145 | Temple   | Entered the Ecumenical Temple
  5404 | D:7      | Found a sparkling altar of Nemelex Xobeh.
  5468 | D:7      | Found a radiant altar of Vehumet.
  5469 | D:7      | Found a burning altar of Makhleb.
  5835 | D:7      | Reached skill level 1 in Shields
  5866 | D:7      | Found an iron altar of Okawaru.
  6124 | D:8      | Reached skill level 12 in Unarmed Combat
  6218 | D:8      | Reached XP level 10. HP: 73/100 MP: 9/9
  7129 | D:9      | Reached skill level 13 in Unarmed Combat
  7744 | D:9      | Found a sparkling altar of Nemelex Xobeh.
  7744 | D:9      | Found a basalt altar of Yredelemnul.
  7980 | D:10     | Entered Level 10 of the Dungeon
  8029 | D:10     | Reached skill level 5 in Shields
  8127 | D:10     | Noticed a hill giant
  8190 | D:10     | Killed a hill giant
  8190 | D:10     | Reached XP level 11. HP: 71/107 MP: 10/10
  8200 | D:10     | Reached skill level 14 in Unarmed Combat
  8310 | D:10     | Found a staircase to the Lair.
  8317 | D:10     | Found a staircase to the Orcish Mines.
  8431 | D:10     | Killed an unseen horror
  8876 | D:10     | Found a shadowy altar of Dithmenos.
  8891 | D:10     | Noticed a five-headed hydra
  9134 | Orc:1    | Entered Level 1 of the Orcish Mines
  9377 | D:10     | Killed a five-headed hydra
  9499 | Orc:1    | Found Digeirr's Food Emporium.
  9746 | Orc:2    | Noticed Fannar
  9765 | Orc:2    | Killed Fannar
  9765 | Orc:2    | Reached skill level 15 in Unarmed Combat
 10155 | Orc:3    | Found a bloodstained altar of Trog.
 10409 | Orc:3    | Found Pyraff's General Store.
 10430 | Orc:3    | Found a staircase to the Elven Halls.
 10583 | Orc:2    | Noticed Nergalle
 10844 | Orc:4    | Entered Level 4 of the Orcish Mines
 11486 | Orc:4    | Reached XP level 12. HP: 92/118 MP: 11/11
 11551 | Orc:4    | Noticed Urug
 11586 | Orc:4    | Noticed an orc warlord
 11696 | Orc:4    | Noticed an orc high priest
 11714 | Orc:4    | Killed an orc high priest
 12935 | Orc:4    | HP: 2/118 [orc warlord/bolt (32)]
 13286 | Orc:4    | Killed Urug
 13859 | D:11     | Found a labyrinth entrance.
 13955 | D:11     | Noticed Psyche
 14001 | D:11     | Found a frozen archway.
 14048 | IceCv    | Entered an ice cave
 14214 | IceCv    | Noticed an ice dragon
 14214 | IceCv    | Noticed an ice dragon
 14236 | IceCv    | Killed an ice dragon
 14236 | IceCv    | HP: 5/119 [ice dragon/blast of cold (26)]
 14237 | IceCv    | Mangled by an ice dragon

Action                   |  1- 3 |  4- 6 |  7- 9 | 10-12 || total
-------------------------+-------+-------+-------+-------++-------
Melee: Unarmed           |    99 |   131 |   302 |   964 ||  1496
       Flail             |       |       |       |    19 ||    19
Evoke: Wand              |       |       |       |     6 ||     6
       Fan of gales      |       |       |       |     1 ||     1
  Use: Scroll            |       |       |    18 |     9 ||    27
       Potion            |       |       |       |    11 ||    11
 Stab: Sleeping          |     2 |     1 |     1 |     1 ||     5
       Distracted        |       |       |     1 |       ||     1
       Invisible         |       |       |       |     1 ||     1
  Eat: Chunk             |    17 |    12 |    27 |    80 ||   136
